 Dungeon Crawl Stone Soup version 0.31-a0-344-gd109795599 (webtiles) character file.

Game seed: 5253717661914013993

3026 LeprechaunX the Grappler (level 9, -1/53 HPs)
             Began as an Octopode Shapeshifter on July 21, 2023.
             Slain by a centaur (3 damage)
             ... on level 7 of the Dungeon.
             The game lasted 00:11:42 (6734 turns).

LeprechaunX the Grappler (Octopode Shapeshifter)    Turns: 6734, Time: 00:11:42

Health: -1/53      AC:  5    Str: 18    XL:     9   Next: 85%
Magic:  0/26       EV: 13    Int: 10    God:
Gold:   1064       SH:  0    Dex: 13    Spells: 8/8 levels left

rFire   . .          .
                       - Unarmed
rCold   . . .        (no shield)
rNeg    . . .        (helmet currently unavailable)
rPois   .            B - amulet of guardian spirit
rElec   .            c - ring of flight
rCorr   +            h - ring of magical power
SInv    .            p - ring of magical power
Will    .....        y - +4 ring of protection
Stlth   ++           v - ring of resist corrosion
HPRegen 1.08/turn    G - ring of resist corrosion
MPRegen 0.20/turn    (no ring)
                     (no ring)

%: guardian spirit
@: lethally poisoned (-1 -> -1), beast-form, flying, slowed, unable to read,
very slow
A: beast (slay +4), almost no armour, amphibious, 8 rings, camouflage 1,
gelatinous body 1, (nimble swimmer 1), tentacles, low MP 1, regeneration 1,
inability to read after injury 1
a: Begin Untransformation


You were on level 7 of the Dungeon.
You were a hulking beast.
You visited 2 branches of the dungeon, and saw 8 of its levels.
You also visited: Bailey.

You collected 1124 gold pieces.
You spent 60 gold pieces at shops.

Inventory:

Hand Weapons
 a - the +1 sling of Wealth {speed, rElec rN+ Int-5 Stlth+}
   (You found it on level 2 of the Dungeon)

   Int:       It affects your intelligence (-5).
   rElec:     It insulates you from electricity.
   rN:        It protects you from negative energy.
   Stlth:     It makes you more stealthy.
Missiles
 i - 8 curare-tipped darts (quivered)
 D - 2 throwing nets
Jewellery
 c - a ring of flight (left tentacle)
 h - a ring of magical power (right tentacle)
 p - a ring of magical power (on tentacle)
 v - a ring of resist corrosion (on tentacle)
 y - a +4 ring of protection (on tentacle)
 B - an amulet of guardian spirit (around mantle)
 G - a ring of resist corrosion (on tentacle)
Talismans
 b - a beast talisman
Wands
 j - a wand of flame (24)
 F - a wand of paralysis (9)
Scrolls
 d - 3 scrolls of identify {unknown}
 f - 2 scrolls of enchant weapon {unknown}
 k - a scroll of amnesia {unknown}
 l - a scroll of immolation {unknown}
 q - 2 scrolls of teleportation {unknown}
 s - 2 scrolls of fear {unknown}
 t - 2 scrolls of silence {unknown}
 w - a scroll of vulnerability {unknown}
 z - a scroll of enchant armour {unknown}
 A - 3 scrolls of noise {unknown}
 C - a scroll of torment {unknown}
 E - a scroll of blinking {unknown}
Potions
 e - 4 potions of mutation
 g - a potion of brilliance {unknown}
 n - a potion of haste {unknown}
 o - a potion of attraction {unknown}
 r - 4 potions of enlightenment
 u - a potion of degeneration {unknown}
 x - 2 potions of curing {unknown}


   Skills:
 - Level 1.0 Fighting
 + Level 6.3 Ranged Weapons
 - Level 2.0 Dodging
 * Level 10.1 Unarmed Combat
 + Level 6.4 Shapeshifting


You had 8 spell levels left.
You didn't know any spells.
Your spell library contained the following spells:

 Spells                   Type           Power      Damage    Failure   Level
 Sandblast                Erth           0%         2d4       36%         1
 Blink                    Tloc           0%         N/A       50%         2
 Cigotuvi's Dreadful Rot  Necr/Pois/Air  0%         N/A       50%         2
 Lesser Beckoning         Tloc           0%         N/A       50%         2
 Momentum Strike          Conj/Tloc      0%         3d8       50%         2
 Passwall                 Tmut/Erth      0%         N/A       50%         2
 Ignite Poison            Fire/Tmut/Pois 0%         N/A       75%         3
 Stone Arrow              Conj/Erth      0%         3d7       75%         3
 Freezing Cloud           Conj/Ice/Air   0%         6-21      100%        5


Dungeon Overview and Level Annotations

Branches:
Dungeon (7/15)             Temple (1/1) D:6          Bailey (visited)

Altars:
Ashenzari
Cheibriados
Dithmenos
Elyvilon
Fedhas
Gozag
Kikubaaqudgha
Makhleb
Nemelex Xobeh
Okawaru
Qazlal
Ru
Sif Muna
Trog
Vehumet
Wu Jian
Xom
Yredelemnul
Zin
The Shining One

Shops:
D:3 (!

Annotations:
D:4 2 transporters, cforsyth's ghost, amateur MeSh
D:5 2 transporters, LeprechaunX's ghost, novice OpSh


Innate Abilities, Weirdness & Mutations

You are a hulking beast.
Your limbs bulge with bestial killing power. (Slay +4)
You cannot wear most types of armour.
You are amphibious.
You can wear up to eight rings at the same time.
Your skin changes colour to match your surroundings (Stealth+).
Your rubbery body absorbs attacks. (AC +1, EV +1)
((You are camouflaged when in or above water. (Stealth+)))
You have tentacles for arms and can constrict up to eight enemies at once.
Your magical capacity is low. (-10% MP)
Your natural rate of healing is unusually fast.
You occasionally lose the ability to read scrolls when taking damage.


Message History

You closely miss the hornet. Your grab misses the hornet.
You squeeze the hornet.
The hornet is lightly wounded.
You feel very sick.
The hornet stings you but does no damage.
The centaur misses you.
The centaur kicks you but does no damage.
The hornet stings you but does no damage.
You tentacle-slap the hornet. Your grab misses the hornet.
The hornet is moderately wounded.
You feel very sick. The centaur closely misses you.
The centaur barely misses you. The hornet barely misses you.
The centaur closely misses you. The centaur barely misses you.
The hornet stings you but does no damage.
You miss the hornet. You grab the hornet.
You squeeze the hornet, but do no damage.
The hornet is moderately wounded.
You constrict the hornet, but do no damage.
You feel sick. The centaur hits you.
* * * LOW HITPOINT WARNING * * *
The centaur kicks you.
* * * LOW HITPOINT WARNING * * *
The hornet closely misses you. The centaur barely misses you.
The centaur closely misses you. The hornet stings you!
You feel threatened and lose the ability to read scrolls!
* * * LOW HITPOINT WARNING * * *
You feel as though you will be slow longer.
You bludgeon the hornet! You tentacle-slap the hornet! You squeeze the hornet.
You kill the hornet!
You feel sick.
The centaur closely misses you. x2; The centaur hits you.
* * * LOW HITPOINT WARNING * * *
The centaur misses you.
Your Unarmed Combat skill increases to level 10!
You bludgeon the centaur! Your squeeze misses the centaur.
The centaur is almost dead.
You feel sick. The centaur closely misses you.
The centaur kicks you but does no damage.
The centaur hits you.
You die...

....#####.........
##....##.........
#.........#####..
#.....†...# #..
##########....(....#
#..
.................###
#..
#######)########.#
#.. ♣..c♣...♣ #.#
###.) ♣...#5h.♣ #.#
#.... ♣♣♣#.#♣♣♣ #.#
##.#.. ..# #..
...... ..♣. #.#
###.. ## # #.#
#####.. ... #.#
#...### ~≈≈ #.#
#...##. ~≈~ #.#
#...#.. ≈~
#.###...#.#


You could see a centaur and a shadow imp.

Vanquished Creatures
  A hornet (D:7)
  Grinder (D:4)
  Sigmund (D:3)
  A steam dragon (D:6)
  4 orc warriors
  An ice beast (D:7)
  A sky beast (D:7)
  A black bear (D:7)
  An ogre (D:5)
  3 centaurs
  A bullfrog (D:7)
  5 scorpions
  5 wights (D:7)
  An oklob sapling (D:6)
  2 jellies
  2 orc priests
  A gnoll bouda (D:5)
  2 hounds
  2 iguanas
  2 sleepcaps
  2 orc wizards
  10 gnolls
  10 adders
  2 white imps
  2 ufetubi
  A worm (D:5)
  5 dart slugs
  14 orcs
  4 ball pythons
  13 bats
  9 endoplasms
  3 giant cockroaches (D:1)
  10 goblins
  14 hobgoblins
  4 jackals (D:2)
  17 kobolds
  6 quokkas
  A frilled lizard (D:3)
  6 rats
171 creatures vanquished.

Vanquished Creatures (others)
  An orc (D:6)
1 creature vanquished.

Grand Total: 172 creatures vanquished

Notes
Turn   | Place    | Note
-------+----------+-------------------------------------------
     0 | D:1      | LeprechaunX the Octopode Shapeshifter began the quest for
                  | the Orb.
     0 | D:1      | Reached XP level 1. HP: 13/13 MP: 1/1
     1 | D:1      | Found an iron altar of Okawaru.
   223 | D:1      | Reached XP level 2. HP: 17/18 MP: 2/2
   227 | D:1      | Found a faded altar of an unknown god.
   421 | D:1      | Reached XP level 3. HP: 23/23 MP: 3/3
   672 | D:1      | Reached skill level 4 in Unarmed Combat
  1027 | D:2      | Identified the +1 sling of Wealth {speed, rElec rN+ Int-5
                  | Stlth+}
  1199 | D:2      | Reached XP level 4. HP: 25/28 MP: 4/4
  1758 | D:3      | Found Cudghuve's Distillery.
  1764 | D:3      | Bought a potion of heal wounds for 60 gold pieces
  1798 | D:3      | Found a broken altar of Ashenzari.
  1925 | D:3      | Reached skill level 1 in Ranged Weapons
  2065 | D:3      | Reached XP level 5. HP: 16/33 MP: 5/5
  2155 | D:3      | Found a white marble altar of Elyvilon.
  2193 | D:3      | Reached skill level 5 in Unarmed Combat
  2196 | D:3      | Noticed Sigmund
  2249 | D:3      | Killed Sigmund
  2250 | D:3      | Reached XP level 6. HP: 11/38 MP: 6/6
  2494 | D:3      | Found Vaunifreeci's Weapon Boutique.
  2629 | D:4      | Found a transporter.
  2631 | D:4      | Noticed cforsyth's ghost (amateur MeSh)
  2925 | D:4      | Reached XP level 7. HP: 43/43 MP: 7/7
  2928 | D:4      | Reached skill level 6 in Unarmed Combat
  3000 | D:4      | Found a radiant altar of Vehumet.
  3021 | D:4      | Found a transporter.
  3046 | D:4      | Noticed Grinder
  3057 | D:4      | Killed Grinder
  3459 | D:5      | Entered Level 5 of the Dungeon
  3476 | D:5      | Found a burning altar of Makhleb.
  3485 | D:5      | Found a blossoming altar of Fedhas.
  3558 | D:5      | Noticed a wyvern
  3617 | D:5      | Reached skill level 7 in Unarmed Combat
  3617 | D:5      | Reached XP level 8. HP: 39/48 MP: 8/8
  3659 | D:5      | Found a transporter.
  3663 | D:5      | Found a transporter.
  3664 | D:5      | Noticed LeprechaunX's ghost (novice OpSh)
  4115 | D:5      | Reached skill level 5 in Shapeshifting
  4808 | D:5      | Found an ornate altar of the Wu Jian Council.
  5072 | D:6      | Reached skill level 8 in Unarmed Combat
  5632 | D:6      | Found a staircase to the Ecumenical Temple.
  5656 | Temple   | Entered the Ecumenical Temple
  5770 | D:6      | Reached skill level 5 in Ranged Weapons
  5857 | D:6      | Found a shimmering altar of Xom.
  6034 | D:7      | Reached XP level 9. HP: 53/53 MP: 9/9
  6070 | D:7      | Reached skill level 9 in Unarmed Combat
  6071 | D:7      | Found a flagged portal.
  6092 | Bailey   | Entered a bailey
  6360 | Bailey   | Identified the +2 plate armour of the Pits of Slime {Drain
                  | Will++}
  6714 | D:7      | Noticed a hornet
  6720 | D:7      | Paralysed by a hornet for 3 turns
  6728 | D:7      | Gained mutation: Your magical capacity is low. (-10% MP)
                  | [potion of mutation]
  6728 | D:7      | Gained mutation: You occasionally lose the ability to read
                  | scrolls when taking damage. [potion of mutation]
  6728 | D:7      | Gained mutation: Your natural rate of healing is unusually
                  | fast. [potion of mutation]
  6733 | D:7      | Killed a hornet
  6733 | D:7      | HP: 2/53 [centaur (3)]
  6734 | D:7      | Reached skill level 10 in Unarmed Combat
  6734 | D:7      | Slain by a centaur

Illustrated notes

Levels and vault maps discovered:
D:1:      sevenhm_arrival_forest_fort_small_6, layout_loops_corners,
          hellmonk_ecumenical_altar_lost_god, hangedman_decor_slide_cut,
          minmay_quantized
D:2:      layout_basic
D:3:      layout_rooms, lemuel_coloured_pillars_altar,
          mainiacjoe_overflow_alcove_1, serial_shops, shop, shop, uniq_sigmund
D:4:      layout_cave_pods, mainiacjoe_overflow_six_doors_small,
          gammafunk_ghost_mausoleum, nicolae_half_adder, uniq_grinder
D:5:      layout_layer_cave, mainiacjoe_overflow_catwalk_spiral,
          nicolae_wu_jian_glorious_leap, gammafunk_ghost_arena
D:6:      layout_loops_corners, mainiacjoe_overflow_boulevard,
          minmay_temple_entry_oklob, minmay_misc_feat_more_columns
D:7:      nzn_winding_woodlands_three_and_one [nzn_winding_woodlands_5x15_twine,
          nzn_winding_woodlands_5x15_river_crossing,
          nzn_winding_woodlands_5x15_garden,
          nzn_winding_woodlands_center_garden], layout_basic, marbit_many_paths,
          enter_bailey_6
Temple:   oiseaux_autumnal_temple

Skill      XL: |  1  2  3  4  5  6  7  8  9 |
---------------+----------------------------+-----
Unarmed Combat | 4 5 7 8 10 | 10.1
Ranged Weapons | 1 2 3 5 6 |  6.3
Shapeshifting  | 4 5 6 |  6.4
Fighting       | |  1.0
Dodging        | |  2.0

Action                     |  1- 3 |  4- 6 |  7- 9 || total
---------------------------+-------+-------+-------++-------
  Melee: Unarmed           |    53 |    22 |    79 ||   154
         Constrict         |    12 |     4 |    22 ||    38
         Tentacles         |    13 |     5 |    27 ||    45
         Punch             |     2 |       |     4 ||     6
   Fire: Sling             |    25 |   134 |   291 ||   450
    Use: Potion            |       |     1 |     4 ||     5
   Stab: Sleeping          |     7 |       |       ||     7
 Armour: Skin              |     7 |    19 |    35 ||    61
  Dodge: Dodged            |    41 |    28 |   100 ||   169

Table legend: (Time is in decaauts)
 A = Elapsed time spent in this place.
 B = Non-inter-level travel time spent in this place.
 C = Inter-level travel time spent in this place.
 D = Time resting spent in this place.
 E = Time spent auto-exploring this place.
 F = Levels seen in this place.
 G = Mean time per level.
                   A        B        C        D        E       F      G
               +--------+--------+--------+--------+--------+-----+--------+
         Total |   6603 |   6360 |    243 |    265 |   4900 |   9 |  733.7 |
       Dungeon |   6163 |   5956 |    207 |    259 |   4768 |   7 |  880.4 |
        Temple |     65 |     29 |     36 |      0 |     28 |   1 |   65.0 |
        Bailey |    374 |    374 |      0 |      6 |    104 |   1 |  374.0 |
               +--------+--------+--------+--------+--------+-----+--------+

Top non-repeatable levels by time:
     D:5: 1451 daAuts
     D:1: 990 daAuts
     D:6: 949 daAuts
     D:4: 901 daAuts
     D:3: 766 daAuts
     D:2: 756 daAuts
  Bailey: 374 daAuts
     D:7: 347 daAuts
  Temple: 65 daAuts
